 Dungeon Crawl Stone Soup version 0.18.1-50-g88ac8fd (webtiles) character file.

2161 nikopol the Spear-Bearer (level 9, -12/79 HPs)
             Began as a Minotaur Berserker on Oct 13, 2016.
             Was an Elder of Trog.
             Mangled by nikopol's ghost (18 damage)
             ... on level 6 of the Dungeon.
             The game lasted 00:13:33 (4854 turns).

nikopol the Spear-Bearer (Minotaur Berserker)       Turns: 4854, Time: 00:13:33

Health: -12/79     AC: 14    Str: 21    XL:     9   Next: 10%
Magic:  8/8        EV: 10    Int:  4    God:    Trog [****..]
Gold:   214        SH:  0    Dex: 14    Spells: 0 memorised, 8 levels left

rFire  . . .     SeeInvis .     a - +0 trident
rCold  . . .     Gourm    .     e - +0 chain mail
rNeg   . . .     Faith    .     (no shield)
rPois  .         Spirit   .     (helmet restricted)
rElec  .         Dismiss  .     x - +0 cloak
rCorr  .         Reflect  .     (no gloves)
SustAt .         Harm     .     n - +1 pair of boots
MR     .....                    (no amulet)
Stlth  ..........               (no ring)
                                (no ring)

@: not resistant to hostile enchantments, extremely unstealthy
A: retaliatory headbutt, horns 2
a: Berserk, Trog's Hand, Brothers in Arms, Burn Spellbooks, Renounce Religion


You were on level 6 of the Dungeon.
You worshipped Trog.
Trog was greatly pleased with you.
You were not hungry.

You visited 1 branch of the dungeon, and saw 6 of its levels.

You collected 214 gold pieces.

Inventory:

Hand Weapons
 a - a +0 trident (weapon)
 z - a +0 shortbow
 D - a +1 scythe of freezing
 N - a +0 spear
Missiles
 l - 34 arrows (quivered)
Armour
 e - a +0 chain mail (worn)
 n - a +1 pair of boots (worn)
 x - a +0 cloak (worn)
Jewellery
 m - a +4 ring of slaying {unknown}
 y - an uncursed ring of poison resistance {unknown}
 E - an uncursed amulet of dismissal {unknown}
 L - a +3 ring of dexterity {unknown}
Wands
 s - a wand of iceblast (1/15)
Scrolls
 i - 3 scrolls of remove curse
 k - 2 scrolls of enchant armour
 p - 4 scrolls of teleportation
 t - a scroll of immolation {unknown}
 G - a scroll of blinking {unknown}
 I - a scroll of noise {unknown}
 K - a scroll of enchant weapon {unknown}
Potions
 o - 3 potions of brilliance
 q - 4 potions of might
 r - 3 potions of curing
 v - 2 potions of invisibility
 w - a potion of flight {unknown}
 C - 5 potions of degeneration
 H - 2 potions of heal wounds {unknown}
 J - a potion of mutation {unknown}
Comestibles
 c - 2 bread rations
 d - 4 meat rations
 h - 5 fruits
 A - a royal jelly
 B - 2 beef jerkies


   Skills:
 + Level 7.1 Fighting
 * Level 8.5 Polearms
 * Level 5.4 Bows
 + Level 6.6 Armour
 + Level 5.8 Dodging


You had 8 spell levels left.
You didn't know any spells.

Dungeon Overview and Level Annotations

Branches:
Dungeon (6/15)             Temple (0/1) D:5

Altars:
Dithmenos
Makhleb
Nemelex Xobeh
Okawaru

Shops:
D:5 *

Annotations:
D:6 nikopol's ghost, novice MiBe


Innate Abilities, Weirdness & Mutations

You reflexively headbutt those who attack you in melee.
You have a pair of horns on your head.


Message History

You headbutt nikopol's ghost.
Nikopol's ghost is lightly damaged.
The gnoll misses you.
Nikopol's ghost makes a sound of rattling chains.
Nikopol's ghost hits you!
Your chain mail prevents you from hitting nikopol's ghost.
Your headbutt misses nikopol's ghost.
Nikopol's ghost is lightly damaged.
The gnoll hits you from afar with a spear.
Nikopol's ghost misses you.
You barely miss nikopol's ghost.
Nikopol's ghost is lightly damaged.
The gnoll barely misses you. Nikopol's ghost hits you!
* * * LOW HITPOINT WARNING * * *
Eat which item? (? for menu, Esc to quit)
The gnoll barely misses you. Nikopol's ghost hits you.
* * * LOW HITPOINT WARNING * * *
You continue eating.
The gnoll hits you but does no damage. Nikopol's ghost hits you!!
You die...

......# ...
... ......
....
..###.....#
...#g..
.....#
#.#..#
.....#
#....#
.....##
###.<#
.......
#.)##...(.#
#.gW@.....#
#.#######...
#. .. #..
#.. ...


You could see nikopol's ghost and a gnoll.

Vanquished Creatures
  Sigmund (D:3)
  6 spriggans (D:5)
  An ice beast (D:6)
  An ogre (D:4)
  A centaur (D:4)
  A gnoll sergeant (D:6)
  2 scorpions (D:5)
  A howler monkey (D:4)
  A crimson imp (D:5)
  5 orc priests
  Crazy Yiuf (D:3)
  A centaur zombie (D:5)
  A giant frog skeleton (D:4)
  2 orc wizards (D:5)
  Jessica (D:3)
  An iguana (D:5)
  Natasha (D:4)
  A hound zombie (D:6)
  Robin (D:3)
  3 adders
  8 gnolls
  An ooze (D:4)
  2 worms
  2 dart slugs
  3 giant geckos
  18 orcs
  A ball python (D:5)
  6 giant cockroaches
  14 goblins
  5 hobgoblins
  4 jackals
  4 kobolds
  4 quokkas
  6 bats
  A giant gecko skeleton (D:4)
  A giant newt (D:2)
  A quokka skeleton (D:5)
  6 rats
120 creatures vanquished.

Notes
Turn   | Place    | Note
--------------------------------------------------------------
     0 | D:1      | nikopol the Minotaur Berserker began the quest for the Orb.
     0 | D:1      | Reached XP level 1. HP: 19/19 MP: 0/0
   318 | D:1      | Reached XP level 2. HP: 27/27 MP: 1/1
   814 | D:2      | Reached skill level 4 in Polearms
  1104 | D:2      | Reached XP level 3. HP: 28/33 MP: 2/2
  1133 | D:2      | Reached ** piety under Trog
  1149 | D:2      | Found an iron altar of Okawaru.
  1326 | D:3      | Reached XP level 4. HP: 40/41 MP: 3/3
  1406 | D:3      | Noticed Crazy Yiuf
  1414 | D:3      | Killed Crazy Yiuf
  1611 | D:3      | Noticed Sigmund
  1619 | D:3      | Killed Sigmund
  1619 | D:3      | Reached skill level 5 in Fighting
  1619 | D:3      | Reached skill level 5 in Polearms
  1619 | D:3      | Reached XP level 5. HP: 48/48 MP: 4/4
  1619 | D:3      | Reached XP level 6. HP: 56/56 MP: 5/5
  1889 | D:3      | Noticed Jessica
  1891 | D:3      | Killed Jessica
  1910 | D:3      | Noticed Robin
  1929 | D:3      | Reached *** piety under Trog
  1934 | D:3      | Killed Robin
  2685 | D:4      | Noticed Natasha
  2691 | D:4      | Killed Natasha
  2697 | D:4      | Reached skill level 1 in Bows
  2697 | D:4      | Reached skill level 5 in Armour
  2697 | D:4      | Reached XP level 7. HP: 58/62 MP: 6/6
  2929 | D:4      | Found a sparkling altar of Nemelex Xobeh.
  2999 | D:4      | Reached skill level 6 in Polearms
  3186 | D:4      | Found a burning altar of Makhleb.
  3186 | D:4      | Noticed a balrug
  3228 | D:5      | Entered Level 5 of the Dungeon
  3325 | D:5      | Found Boxucef's General Store.
  3654 | D:5      | Noticed a spriggan
  3670 | D:5      | Killed a spriggan
  3817 | D:5      | Noticed a spriggan
  3818 | D:5      | Noticed a spriggan
  3828 | D:5      | Killed a spriggan
  3828 | D:5      | Reached skill level 5 in Dodging
  3828 | D:5      | Reached XP level 8. HP: 70/70 MP: 7/7
  3833 | D:5      | Reached skill level 7 in Polearms
  4021 | D:5      | Reached **** piety under Trog
  4085 | D:5      | Found a shadowy altar of Dithmenos.
  4102 | D:5      | Found a staircase to the Ecumenical Temple.
  4342 | D:5      | Reached skill level 8 in Polearms
  4711 | D:5      | Reached skill level 5 in Bows
  4711 | D:5      | Reached XP level 9. HP: 44/79 MP: 8/8
  4823 | D:6      | Noticed nikopol's ghost (novice MiBe)
  4854 | D:6      | Mangled by nikopol's ghost

Skill      XL: |  1  2  3  4  5  6  7  8 |
---------------+-------------------------+-----
Polearms       | 4 5 6 8 |  8.5
Fighting       | 4 5 6 7 |  7.1
Armour         | 3 4 5 6 |  6.6
Dodging        | 3 4 5 |  5.8
Bows           | 1 3 5 |  5.4

Action                   |  1- 3 |  4- 6 |  7- 9 || total
-------------------------+-------+-------+-------++-------
Melee: Spear             |    70 |   102 |   137 ||   309
       Headbutt          |     9 |    12 |    30 ||    51
       Trident           |       |       |    73 ||    73
 Fire: Shortbow          |       |       |    60 ||    60
Invok: Berserk           |       |     3 |     1 ||     4
  Use: Scroll            |       |       |     9 ||     9
  Eat: Chunk             |     1 |     7 |     7 ||    15
       Royal jelly       |       |       |     1 ||     1
Armor: Chain mail        |    21 |    51 |    67 ||   139
Dodge: Dodged            |    23 |    44 |    85 ||   152
